[Event "Titled Tuesday Blitz January 03 Late 2023"]
[White "Zhigalko, Sergei"]
[Black "Goltsev, Dmitry"]
[WhiteFideId "13502956"]
[BlackFideId "24176710"]
[WhiteElo "2572"]
[BlackElo "2269"]
[Result "1-0"]
[Round "04"]
[TimeControl "180+2"]
[Date "2023.01.03"]
[WhiteClock "0:00:06"]
[BlackClock "0:00:08"]

1. e4 e6 2. d4 d5 3. e5 c5 4. c3 Nc6 5. Nf3 Nge7 6. Na3 Nf5 7. Nc2 h5 8. Bd3 Be7 9. dxc5 Bxc5 10. O-O Be7 11. Re1 g5 12. Nfd4 Ncxd4 13. Nxd4 Nxd4 14. cxd4 Bd7 15. Be3 Rc8 16. Qd2 Kf8 17. Rf1 Kg7 18. f4 g4 19. f5 exf5 20. Bxf5 Bxf5 21. Rxf5 Rh7 22. Raf1 Kg8 23. Bg5 Rc6 24. Qf4 Rg6 25. Bf6 Bxf6 26. Rxf6 Qe7 27. Rxg6+ fxg6 28. e6 Rg7 29. Qe5 Qd8 30. b4 h4 31. b5 h3 32. a4 Kh7 33. gxh3 gxh3 34. Qg3 Qe7 35. Qxh3+ Kg8 36. Qg4 Qa3 37. Qg5 Qd6 38. Rf6 Qd8 39. h4 Kh7 40. Kg2 Qc7 41. Rf2 Qd6 42. Qe5 Qxe5 43. dxe5 Kg8 44. Rd2 Re7 45. Rxd5 Rxe6 46. Kf3 Kg7 47. Kf4 Kh6 48. Rd7 Rb6 49. Rd6 Kg7 50. Rxb6 axb6 51. Kg5 Kf7 52. e6+ 1-0


[Site "https://www.chess.com"]

[Event "Titled Tuesday Blitz January 03 Late 2023"]
[White "Zhao, Erick"]
[Black "Mosadeghpour, Masoud"]
[WhiteFideId "30946930"]
[BlackFideId "12519278"]
[WhiteElo "2275"]
[BlackElo "2472"]
[Result "1-0"]
[Round "04"]
[TimeControl "180+2"]
[Date "2023.01.03"]
[WhiteClock "0:00:18"]
[BlackClock "0:00:00"]

1. e4 c5 2. Nf3 d6 3. d4 cxd4 4. Qxd4 Nf6 5. Be2 Nc6 6. Qe3 g6 7. O-O Bg7 8. Rd1 O-O 9. Nc3 Be6 10. Nd5 Rc8 11. c3 Qa5 12. Qg5 Rfe8 13. Nxf6+ Bxf6 14. Qh6 Bg7 15. Qh4 f6 16. Be3 a6 17. Nd4 Bf7 18. Bg4 e6 19. Nxc6 Rxc6 20. Bf3 Qd8 21. e5 d5 22. exf6 Bxf6 23. Qg3 Qe7 24. Rd2 Rc4 25. h3 b5 26. Re1 b4 27. Bd4 bxc3 28. bxc3 Rxc3 29. Qg4 Bxd4 30. Qxd4 Rxf3 31. gxf3 e5 32. Qg4 Qf6 33. Qg3 d4 34. Rde2 d3 35. Rd2 Bc4 36. Re4 Bd5 37. Re3 Bc4 38. Re4 Bd5 39. Rxd3 Bxe4 40. fxe4 Rf8 41. Rd5 Re8 42. Kg2 Qe6 43. Qg4 Qf6 44. Qg3 Re7 45. Qb3 Kg7 46. Qf3 Qg5+ 47. Qg3 Qf6 48. h4 h6 49. h5 g5 50. Qg4 Qe6 51. Qxe6 Rxe6 52. Kg3 Rb6 53. Rxe5 Rb4 54. Re6 1-0


[Site "https://www.chess.com"]

[Event "Titled Tuesday Blitz January 03 Late 2023"]
[White "Indjic, Aleksandar"]
[Black "Leiva, Gianmarco"]
[WhiteFideId "911925"]
[BlackFideId "3804399"]
[WhiteElo "2618"]
[BlackElo "2392"]
[Result "1-0"]
[Round "04"]
[TimeControl "180+2"]
[Date "2023.01.03"]
[WhiteClock "0:00:28"]
[BlackClock "0:00:02"]

1. d4 Nf6 2. c4 e6 3. Nf3 d5 4. Nc3 a6 5. e3 b6 6. cxd5 exd5 7. g3 Bb7 8. Bg2 Bd6 9. O-O Nbd7 10. b3 O-O 11. Bb2 Re8 12. a4 Qe7 13. Rc1 Rac8 14. Rc2 Ne4 15. Ne2 Ndf6 16. Qa1 Ng4 17. Nf4 Nexf2 18. Rcxf2 Nxf2 19. Rxf2 Qxe3 20. Ne5 f6 21. Nxd5 Qxb3 22. Nxf6+ gxf6 23. Bxb7 fxe5 24. Qc1 Qe6 25. Qg5+ Qg6 26. Bd5+ Kh8 27. dxe5 Qxg5 28. exd6+ Re5 29. d7 Rd8 30. Re2 Rxd7 31. Rxe5 Qxe5 32. Bxe5+ 1-0


[Site "https://www.chess.com"]

[Event "Titled Tuesday Blitz January 03 Late 2023"]
[White "Khripachenko, Alexander"]
[Black "Girel, Joseph"]
[WhiteFideId "54184975"]
[BlackFideId "36033561"]
[WhiteElo "2110"]
[BlackElo "2395"]
[Result "1-0"]
[Round "04"]
[TimeControl "180+2"]
[Date "2023.01.03"]
[WhiteClock "0:02:44"]
[BlackClock "0:00:49"]

1. e4 c5 2. Nf3 e6 3. d4 cxd4 4. Nxd4 Nf6 5. Nc3 Nc6 6. Ndb5 Bc5 7. Bf4 O-O 8. Bc7 Qe7 9. Bd6 Bxd6 10. Qxd6 Qd8 11. O-O-O a6 12. Nd4 Ne7 13. h4 b5 14. h5 Ne8 15. Qh2 h6 16. a3 Bb7 17. g4 Rc8 18. Bd3 Qc7 19. Qxc7 Nxc7 20. f4 Nc6 21. Nxc6 Bxc6 22. Rhg1 f6 23. Ne2 e5 24. g5 fxg5 25. fxg5 Kh7 26. gxh6 gxh6 27. Ng3 Ne6 28. Nf5 Rg8 29. Rg6 Rxg6 30. hxg6+ Kh8 31. Rh1 Re8 32. Rxh6+ Kg8 33. Rh7 Ra8 34. Ne7+ Kf8 35. Nxc6 1-0


[Site "https://www.chess.com"]

[Event "Titled Tuesday Blitz January 03 Late 2023"]
[White "Perske, Thore"]
[Black "Kadric, Denis"]
[WhiteFideId "12902195"]
[BlackFideId "14403803"]
[WhiteElo "2448"]
[BlackElo "2601"]
[Result "1-0"]
[Round "04"]
[TimeControl "180+2"]
[Date "2023.01.03"]
[WhiteClock "0:00:31"]
[BlackClock "0:00:24"]

1. d4 d6 2. g3 g6 3. Bg2 Bg7 4. e4 Nf6 5. Ne2 O-O 6. Nbc3 e5 7. h3 c6 8. a4 a5 9. Be3 Na6 10. Qd2 Nb4 11. O-O Re8 12. Rad1 Qe7 13. g4 h5 14. g5 Nd7 15. f4 exf4 16. Bxf4 Nf8 17. h4 Bg4 18. Bg3 d5 19. e5 Ne6 20. Rf2 Rad8 21. Rdf1 Rf8 22. Nf4 Nxf4 23. Rxf4 Be6 24. Ne2 c5 25. c3 Nc6 26. Rf6 Qc7 27. Nf4 cxd4 28. cxd4 Qb6 29. Bf2 Bxf6 30. gxf6 Kh7 31. Bh3 Bxh3 32. Nxh3 Qb4 33. Qf4 Rde8 34. Be3 g5 35. Nxg5+ Kh8 36. Qf5 1-0


[Site "https://www.chess.com"]

[Event "Titled Tuesday Blitz January 03 Late 2023"]
[White "Timmermans, Mark"]
[Black "Chor, Kevin"]
[WhiteFideId "1026399"]
[BlackFideId "2090740"]
[WhiteElo "2392"]
[BlackElo "1944"]
[Result "1-0"]
[Round "04"]
[TimeControl "180+2"]
[Date "2023.01.03"]
[WhiteClock "0:00:24"]
[BlackClock "0:00:24"]

1. e4 c5 2. Ne2 g6 3. d4 cxd4 4. Nxd4 Bg7 5. c4 Nc6 6. Nc2 Nf6 7. Nc3 O-O 8. Be2 d6 9. O-O Bd7 10. Be3 Rc8 11. Rc1 Na5 12. b3 a6 13. Nb4 b5 14. cxb5 Bxb5 15. Bxb5 axb5 16. Ncd5 Rxc1 17. Qxc1 Nxe4 18. Bb6 Qa8 19. Nxe7+ Kh8 20. Ned5 Rc8 21. Qe3 Nc3 22. Ne7 Re8 23. Bd4 Ne4 24. Bxg7+ Kxg7 25. Nbd5 f5 26. Nc7 Qb8 27. Nxe8+ Qxe8 28. Qd4+ Kf7 29. Nd5 Nc6 30. Qb6 Nc5 31. Qxb5 Qd7 32. b4 Ne4 33. Rc1 Ne5 34. Qxd7+ Nxd7 35. a4 Ke6 36. Nc7+ Ke5 37. a5 d5 38. a6 Nb6 39. Rc6 1-0


[Site "https://www.chess.com"]

[Event "Titled Tuesday Blitz January 03 Late 2023"]
[White "Goryachkina, Aleksandra"]
[Black "Rangel, Daniel"]
[WhiteFideId "4147103"]
[BlackFideId "2124475"]
[WhiteElo "2571"]
[BlackElo "2207"]
[Result "1/2-1/2"]
[Round "04"]
[TimeControl "180+2"]
[Date "2023.01.03"]
[WhiteClock "0:00:21"]
[BlackClock "0:00:18"]

1. e4 c5 2. Nf3 g6 3. c3 Bg7 4. d4 cxd4 5. cxd4 d5 6. e5 Bg4 7. h3 Bxf3 8. Qxf3 e6 9. Bb5+ Nc6 10. O-O Ne7 11. Bg5 O-O 12. Bxc6 bxc6 13. Rc1 Rc8 14. b4 h6 15. Be3 Nf5 16. Nd2 Qb6 17. Nb3 Qxb4 18. Rc5 Nxe3 19. Qxe3 Rfe8 20. Rac1 Bf8 21. Rxc6 Rxc6 22. Rxc6 Qa4 23. Rc2 Rb8 24. Qf3 Qd7 25. h4 h5 26. Qe3 Rc8 27. Qc1 Rxc2 28. Qxc2 Qa4 29. g3 Qb4 30. Kg2 a5 31. Nc5 1/2-1/2


[Site "https://www.chess.com"]

[Event "Titled Tuesday Blitz January 03 Late 2023"]
[White "AidenRchess"]
[Black "Chen, Justin"]
[BlackFideId "2098199"]
[WhiteElo "2398"]
[BlackElo "2333"]
[Result "1-0"]
[Round "04"]
[TimeControl "180+2"]
[Date "2023.01.03"]
[WhiteClock "0:00:16"]
[BlackClock "0:00:02"]

1. e4 c5 2. Nf3 e6 3. d4 cxd4 4. Nxd4 a6 5. Bd3 Qc7 6. Qe2 Nf6 7. c4 d6 8. Be3 Nbd7 9. Nc3 b6 10. O-O Bb7 11. f3 Be7 12. Rac1 Rc8 13. g4 Ne5 14. b3 Nxd3 15. Qxd3 Nd7 16. f4 O-O 17. Qe2 Nc5 18. Bf2 Rfe8 19. h4 d5 20. cxd5 Qxf4 21. b4 Na4 22. Be1 Qxc1 23. Nxa4 exd5 24. Nxb6 Rcd8 25. Qf3 Rf8 26. Nxd5 Bxd5 27. exd5 Qc4 28. Nf5 Bxb4 29. Bxb4 Qxb4 30. Rd1 Rfe8 31. d6 Qc5+ 32. Kg2 Qe5 33. Rd2 Kh8 34. h5 g6 35. hxg6 fxg6 36. Nh6 Rf8 37. Nf7+ Rxf7 38. Qxf7 Qg7 39. Qf1 Rf8 40. Qxa6 Qf6 41. Qd3 Rd8 42. Qd4 Kg7 43. g5 Qxd4 44. Rxd4 h6 45. gxh6+ Kxh6 46. a4 Kg5 47. a5 Kf5 48. a6 Ke6 49. d7 Ke7 50. a7 Ke6 51. a8=Q Rxa8 52. d8=Q Rxd8 53. Rxd8 1-0


[Site "https://www.chess.com"]

[Event "Titled Tuesday Blitz January 03 Late 2023"]
[White "Blanco Ronquillo, Humberto L."]
[Black "Duda, Jan-Krzysztof"]
[WhiteFideId "3504239"]
[BlackFideId "1170546"]
[WhiteElo "2442"]
[BlackElo "2724"]
[Result "0-1"]
[Round "04"]
[TimeControl "180+2"]
[Date "2023.01.03"]
[WhiteClock "0:00:06"]
[BlackClock "0:00:05"]

1. e4 e6 2. d4 d5 3. Nd2 Nc6 4. Ngf3 Nf6 5. e5 Nd7 6. c4 dxc4 7. Bxc4 Nb6 8. Bb5 Bd7 9. Bd3 Nb4 10. Bb1 Bb5 11. Ne4 a5 12. a3 N4d5 13. Bd3 Qd7 14. O-O h6 15. Qe2 Bxd3 16. Qxd3 a4 17. Bd2 Be7 18. Rac1 Nc8 19. Kh1 Na7 20. Nc3 Nxc3 21. Bxc3 Nb5 22. Rfd1 c6 23. Qc4 Qd5 24. Qxd5 cxd5 25. Kg1 Kd7 26. Kf1 Rhc8 27. Bd2 Rc4 28. Be3 Rac8 29. Ke2 Nc7 30. Kd3 b5 31. Nd2 Rb8 32. Nxc4 bxc4+ 33. Kc2 Rb3 34. Bd2 Nb5 35. Bc3 h5 36. Ra1 g5 37. Rd2 f6 38. exf6 Bxf6 39. Re1 Kd6 40. Re3 g4 41. Re1 Bg7 42. g3 Kd7 43. Rf1 Bf8 44. f3 Bxa3 45. fxg4 hxg4 46. Ra1 Kc6 47. Re2 Kd7 48. Rf2 e5 49. dxe5 d4 50. Rd2 d3+ 51. Kd1 Nxc3+ 52. bxc3 Ke6 53. Rda2 Bb2 54. Rb1 a3 55. Kd2 Bxc3+ 56. Ke3 Rxb1 57. Ke4 Re1+ 58. Kf4 d2 59. Kxg4 Bxe5 0-1


[Site "https://www.chess.com"]

[Event "Titled Tuesday Blitz January 03 Late 2023"]
[White "Deac, Bogdan-Daniel"]
[Black "Papp, Levente"]
[WhiteFideId "1226380"]
[BlackFideId "751243"]
[WhiteElo "2700"]
[BlackElo "2353"]
[Result "1-0"]
[Round "04"]
[TimeControl "180+2"]
[Date "2023.01.03"]
[WhiteClock "0:00:56"]
[BlackClock "0:00:03"]

1. b3 d6 2. Bb2 Nd7 3. e3 Ngf6 4. f4 g6 5. Nf3 Bg7 6. g3 O-O 7. Bg2 e5 8. fxe5 Ng4 9. O-O Ngxe5 10. Nc3 Nxf3+ 11. Qxf3 Ne5 12. Qe2 Bg4 13. Qf2 c6 14. d4 Nd7 15. h3 Be6 16. e4 Qb6 17. Na4 Qc7 18. d5 Bxb2 19. Nxb2 cxd5 20. exd5 Bf5 21. g4 Bxc2 22. Rac1 Rac8 23. Be4 Qc3 24. Rxc2 Qxh3 25. Qf3 Qxf3 26. Rxf3 Rxc2 27. Bxc2 Ne5 28. Rf4 Rc8 29. Nc4 Rc5 30. Nxe5 dxe5 31. Rc4 Rxd5 32. Rc7 Rd4 33. g5 Rg4+ 34. Kf2 Rxg5 35. Be4 Rg4 36. Bd5 Rf4+ 37. Kg3 h5 38. Rxb7 h4+ 39. Kh3 g5 40. Rxa7 Kf8 41. a4 e4 42. Rc7 f5 43. a5 Rf3+ 44. Kg2 h3+ 45. Kh2 g4 46. a6 Rf2+ 47. Kg3 Rg2+ 48. Kf4 h2 49. Rh7 g3 50. b4 e3 51. Bxg2 e2 52. a7 Kg8 53. Rb7 1-0


[Site "https://www.chess.com"]

[Event "Titled Tuesday Blitz January 03 Late 2023"]
[White "Di Berardino, Diego Rafael"]
[Black "Bortnyk, Olexandr"]
[WhiteFideId "2105446"]
[BlackFideId "14120828"]
[WhiteElo "2479"]
[BlackElo "2605"]
[Result "0-1"]
[Round "04"]
[TimeControl "180+2"]
[Date "2023.01.03"]
[WhiteClock "0:00:08"]
[BlackClock "0:01:09"]

1. e4 Nf6 2. e5 Nd5 3. d4 d6 4. c4 Nb6 5. exd6 exd6 6. Nc3 Be7 7. Bd3 O-O 8. Nge2 c6 9. O-O Na6 10. b3 d5 11. c5 Nd7 12. Ng3 g6 13. Bh6 Re8 14. Re1 Nc7 15. Qf3 Ne6 16. Nf5 Bf8 17. Bxf8 Rxf8 18. Qg3 Qf6 19. Ne2 Kh8 20. Nd6 Nxd4 21. Nxd4 Qxd4 22. Rad1 Qc3 23. Re7 Qf6 24. Qe3 d4 25. Qh6 Qxe7 0-1


[Site "https://www.chess.com"]

[Event "Titled Tuesday Blitz January 03 Late 2023"]
[White "Baskin, Robert"]
[Black "Jobava, Baadur"]
[WhiteFideId "24662402"]
[BlackFideId "13601520"]
[WhiteElo "2442"]
[BlackElo "2578"]
[Result "0-1"]
[Round "04"]
[TimeControl "180+2"]
[Date "2023.01.03"]
[WhiteClock "0:00:02"]
[BlackClock "0:00:59"]

1. d4 Nf6 2. Nc3 d5 3. Bf4 c5 4. e4 cxd4 5. Qxd4 e6 6. Bxb8 Rxb8 7. Bb5+ Bd7 8. Bxd7+ Qxd7 9. O-O-O Be7 10. exd5 O-O 11. Nf3 Rfd8 12. Rhe1 exd5 13. g4 h6 14. h4 Nxg4 15. Rxe7 Qxe7 16. Qxg4 d4 17. Nxd4 Qe5 18. Nce2 Rbc8 19. c3 Qf6 20. Rg1 h5 21. Qe4 Qxf2 22. Nf5 Re8 23. Rxg7+ Kh8 24. Qd4 Qf1+ 25. Kc2 Qxf5+ 26. Kb3 Qb5+ 27. Ka3 Qa6+ 28. Kb3 Rc4 29. Qxc4 Qxc4+ 30. Kxc4 Kxg7 31. Nd4 Re4 32. Kd5 Rg4 33. c4 Kg6 34. b4 Rxh4 35. c5 Kf6 36. b5 Rxd4+ 37. Kxd4 Ke6 38. Ke4 f5+ 39. Kf4 h4 40. a4 Kd5 41. b6 a5 42. Kxf5 Kxc5 43. Kg4 Kxb6 44. Kxh4 Kc5 0-1


[Site "https://www.chess.com"]

[Event "Titled Tuesday Blitz January 03 Late 2023"]
[White "Chigaev, Maksim"]
[Black "Aldokhin, Ivan"]
[WhiteFideId "4108116"]
[BlackFideId "24115720"]
[WhiteElo "2628"]
[BlackElo "2413"]
[Result "1-0"]
[Round "04"]
[TimeControl "180+2"]
[Date "2023.01.03"]
[WhiteClock "0:00:07"]
[BlackClock "0:00:01"]

1. e4 c5 2. Nf3 e6 3. g3 b6 4. Bg2 Bb7 5. Qe2 d6 6. O-O Nf6 7. Nc3 a6 8. d4 cxd4 9. Nxd4 Qc7 10. g4 h6 11. Kh1 Be7 12. f4 Nbd7 13. Bd2 b5 14. a3 g5 15. f5 e5 16. Nb3 h5 17. gxh5 Rxh5 18. Nd5 Bxd5 19. exd5 Qxc2 20. Na5 Nc5 21. Rac1 Qd3 22. Qxd3 Nxd3 23. Rc7 Bd8 24. Rc6 Bxa5 25. Bxa5 Ng4 26. h3 Nf4 27. Rxd6 Ke7 28. Bb4 a5 29. Ra6+ axb4 30. Rxa8 Ne3 31. Ra7+ Kd6 32. Ra6+ Kc5 33. Rc1+ Kd4 34. d6 Nexg2 35. d7 Rxh3+ 36. Kg1 Rh8 37. Rc8 Ne2+ 38. Kxg2 Nf4+ 39. Kg1 Ne2+ 40. Kf1 Ng3+ 41. Kg2 1-0


[Site "https://www.chess.com"]

[Event "Titled Tuesday Blitz January 03 Late 2023"]
[White "Goroshkov, Maksym"]
[Black "Sjugirov, Sanan"]
[WhiteFideId "14142716"]
[BlackFideId "4189302"]
[WhiteElo "2287"]
[BlackElo "2712"]
[Result "1-0"]
[Round "04"]
[TimeControl "180+2"]
[Date "2023.01.03"]
[WhiteClock "0:00:13"]
[BlackClock "0:00:10"]

1. e4 c6 2. d4 d5 3. exd5 cxd5 4. c4 Nf6 5. Nc3 Nc6 6. Nf3 a6 7. cxd5 Nxd5 8. Bc4 Be6 9. Bb3 Nxc3 10. bxc3 Bxb3 11. Qxb3 Qd7 12. Ba3 b5 13. O-O Na5 14. Qc2 Qd5 15. Rfe1 Nc4 16. Bc5 e6 17. Bxf8 Kxf8 18. Ne5 Rc8 19. Nd3 g6 20. Nc5 Rc6 21. a4 Kg7 22. axb5 axb5 23. Ra7 e5 24. Rd7 Rd6 25. Rxd6 Qxd6 26. Ne4 Qd5 27. dxe5 Qxe5 28. Re2 Ra8 29. g3 Re8 30. Kf1 Qd5 31. Kg1 Ra8 32. Re1 Ne5 33. Qe2 Ra2 34. Qd1 Qxd1 35. Rxd1 Re2 36. Nd6 Rb2 37. Rd5 Nf3+ 38. Kg2 Ne1+ 39. Kf1 Nf3 40. Kg2 Ne1+ 41. Kf1 Rb1 42. Rxb5 Rc1 43. c4 Nf3+ 44. Kg2 Nd4 45. Rd5 Nc2 46. c5 Ne1+ 47. Kh3 Rc2 48. Re5 Nf3 49. Re7 Ng1+ 50. Kg2 Ne2 51. Rxf7+ Kg8 52. Rc7 Nd4 53. Ne4 Nf5 54. Nf6+ Kf8 55. Nxh7+ Ke8 56. Nf6+ Kd8 57. Rd7+ Kc8 58. Rd3 Rxc5 59. Ne4 Rc6 60. h4 Kc7 61. Rc3 Rxc3 62. Nxc3 Kd6 63. Kf3 Ke6 64. Kf4 Kf6 65. Ne4+ Kg7 66. Kg5 Nd4 67. Kf4 Ne6+ 68. Ke5 Nd8 69. Ng5 Nc6+ 70. Ke4 Kf6 71. Kf4 Ne7 72. Ne4+ Kg7 73. g4 Nd5+ 74. Ke5 Nb6 75. f4 Nc4+ 76. Kd4 Nb6 77. Ng3 Nd7 78. f5 Nf6 79. g5 Nh7 80. f6+ Nxf6 81. gxf6+ Kxf6 82. Ke4 g5 83. h5 g4 84. Kf4 Kg7 85. Kxg4 Kh6 86. Nf5+ 1-0


[Site "https://www.chess.com"]

[Event "Titled Tuesday Blitz January 03 Late 2023"]
[White "Shimanov, Aleksandr"]
[Black "Ballester Llagaria, Luis Eduardo"]
[WhiteFideId "4198603"]
[BlackFideId "2297620"]
[WhiteElo "2581"]
[BlackElo "2298"]
[Result "1-0"]
[Round "04"]
[TimeControl "180+2"]
[Date "2023.01.03"]
[WhiteClock "0:01:59"]
[BlackClock "0:00:17"]

1. e4 c5 2. Nf3 e6 3. c3 d5 4. exd5 exd5 5. d4 Nf6 6. Bb5+ Nc6 7. O-O Be7 8. dxc5 Bxc5 9. Re1+ Be6 10. Be3 Bd6 11. Nbd2 O-O 12. Nb3 Ne4 13. Bd3 Bg4 14. h3 Bh5 15. Be2 a6 16. Nfd4 Bxe2 17. Qxe2 Ne5 18. Rad1 Qf6 19. Nf3 Rad8 20. Rxd5 Nxf3+ 21. Qxf3 Qxf3 22. gxf3 Nf6 23. Rd2 Nd5 24. Red1 Nxe3 25. fxe3 Be7 26. Rd7 Rxd7 27. Rxd7 1-0


[Site "https://www.chess.com"]

[Event "Titled Tuesday Blitz January 03 Late 2023"]
[White "Alikhanov, Felix"]
[Black "Melkumyan, Hrant"]
[WhiteFideId "4157427"]
[BlackFideId "13302485"]
[WhiteElo "2434"]
[BlackElo "2645"]
[Result "0-1"]
[Round "04"]
[TimeControl "180+2"]
[Date "2023.01.03"]
[WhiteClock "0:00:11"]
[BlackClock "0:01:07"]

1. e4 c6 2. d4 d5 3. Nd2 dxe4 4. Nxe4 Bf5 5. Ng3 Bg6 6. h4 h6 7. f4 e6 8. Nf3 Nd7 9. h5 Bh7 10. Bd3 Bxd3 11. Qxd3 Ngf6 12. Bd2 Bd6 13. O-O-O a5 14. Ne5 a4 15. Rhe1 a3 16. b3 Qc7 17. Kb1 O-O 18. c4 Rad8 19. Qe2 c5 20. Bc3 cxd4 21. Bxd4 Bb4 22. Rf1 Qa5 23. Qc2 Nxe5 24. Bxe5 Ng4 25. Bd4 Rxd4 26. Rxd4 Ne3 27. Qe2 Nxf1 28. Qxf1 Be7 29. Rd3 Rd8 30. Kc2 Rxd3 31. Kxd3 Qd8+ 0-1


[Site "https://www.chess.com"]

[Event "Titled Tuesday Blitz January 03 Late 2023"]
[White "Levitskiy, Andrey"]
[Black "Svane, Rasmus"]
[WhiteFideId "14132885"]
[BlackFideId "4657101"]
[WhiteElo "2304"]
[BlackElo "2623"]
[Result "0-1"]
[Round "04"]
[TimeControl "180+2"]
[Date "2023.01.03"]
[WhiteClock "0:00:01"]
[BlackClock "0:00:28"]

1. e4 c6 2. d4 d5 3. Nc3 dxe4 4. Nxe4 Nf6 5. Nxf6+ exf6 6. c3 Bd6 7. Bd3 O-O 8. Qc2 Re8+ 9. Ne2 h5 10. O-O h4 11. h3 Nd7 12. Be3 Nf8 13. c4 Be6 14. Rad1 Rc8 15. Nf4 Bd7 16. a3 Bb8 17. Bf5 b5 18. c5 g6 19. Bxd7 Qxd7 20. b4 Bxf4 21. Bxf4 Qd5 22. Bd6 Ne6 23. Qc3 Ng7 24. Qf3 Nf5 25. Qxd5 cxd5 26. Bf4 Re4 27. Be3 Kg7 28. Rd3 Ne7 29. Rc1 Nc6 30. f3 Re6 31. Bf2 g5 32. Kf1 Ra8 33. Re1 Kg6 34. Rxe6 fxe6 35. Be1 a6 36. Ke2 Kf5 37. Ke3 Rd8 38. Rd1 e5 39. dxe5 fxe5 40. g3 d4+ 41. Kd3 hxg3 42. Bxg3 Rh8 43. Rh1 a5 44. h4 axb4 45. axb4 Nxb4+ 46. Kd2 Ra8 47. hxg5 Ra2+ 48. Kd1 Ra1+ 0-1


[Site "https://www.chess.com"]

[Event "Titled Tuesday Blitz January 03 Late 2023"]
[White "Lenderman, Aleksandr"]
[Black "Ozer, Omer Faruk"]
[WhiteFideId "2021285"]
[BlackFideId "6354564"]
[WhiteElo "2572"]
[BlackElo "2360"]
[Result "1-0"]
[Round "04"]
[TimeControl "180+2"]
[Date "2023.01.03"]
[WhiteClock "0:00:14"]
[BlackClock "0:00:06"]

1. e4 c5 2. c3 d6 3. d4 Nf6 4. Bd3 g6 5. h3 Bg7 6. Nf3 O-O 7. O-O Qc7 8. Re1 Rd8 9. Be3 b6 10. Nbd2 Bb7 11. Rc1 Nbd7 12. Nf1 Nxe4 13. Bxe4 Bxe4 14. Bg5 Bxf3 15. Qxf3 Nf6 16. Ng3 Re8 17. Ne4 Nxe4 18. Rxe4 e6 19. Rce1 cxd4 20. cxd4 Qc4 21. b3 Qd5 22. Bf6 Rac8 23. h4 Bxf6 24. Qxf6 Qf5 25. Qxf5 gxf5 26. Rf4 Kg7 27. d5 Kg6 28. g4 fxg4 29. Rxg4+ Kf5 30. Rg5+ Kf6 31. Kf1 Rc5 32. Re3 Rc1+ 33. Kg2 h6 34. Rf3+ Ke7 35. Rg7 Rf8 36. dxe6 Kxe6 37. Rh7 Rg8+ 38. Kh2 Rgg1 39. Rxh6+ Ke7 40. Re3+ Kd7 41. Rd3 Rh1+ 42. Kg3 Rcg1+ 43. Kf4 Rg6 44. Rxg6 fxg6 45. Kg5 Rg1+ 46. Rg3 Rf1 47. Rg2 Rh1 48. f4 d5 49. Rg4 d4 50. Kxg6 Kd6 51. f5 Ke5 52. f6 Rf1 53. f7 d3 54. Rg2 Ke6 55. Rd2 Rf6+ 56. Kg5 Rxf7 57. Rxd3 Rf5+ 58. Kg4 Rf2 59. a4 Ke5 60. h5 Ke4 61. Rg3 Rh2 62. Kg5 1-0


[Site "https://www.chess.com"]

[Event "Titled Tuesday Blitz January 03 Late 2023"]
[White "Yaran, Siar"]
[Black "Grigoriants, Sergey"]
[WhiteFideId "6323006"]
[BlackFideId "4130804"]
[WhiteElo "2288"]
[BlackElo "2562"]
[Result "0-1"]
[Round "04"]
[TimeControl "180+2"]
[Date "2023.01.03"]
[WhiteClock "0:00:04"]
[BlackClock "0:00:05"]

1. d4 Nf6 2. c4 e6 3. Nc3 Bb4 4. e3 O-O 5. Bd3 c5 6. Nf3 d5 7. O-O dxc4 8. Bxc4 Nbd7 9. Qe2 a6 10. a3 Ba5 11. Rd1 cxd4 12. exd4 b5 13. Ba2 Bxc3 14. bxc3 Bb7 15. Bg5 Qc7 16. Rac1 Ne4 17. Bb1 Nxg5 18. Nxg5 h6 19. Nf3 Rac8 20. a4 bxa4 21. c4 Qf4 22. c5 Bxf3 23. Qxf3 Qxf3 24. gxf3 Nf6 25. Be4 Rfd8 26. Kf1 Rc7 27. Ke2 Nh5 28. Ke3 g5 29. Rc4 Nf4 30. Ra1 Rb8 31. Raxa4 Rb3+ 32. Kd2 f5 33. Bc2 Rxf3 34. Rxa6 Rxf2+ 35. Kc1 Kf7 36. c6 Ke7 37. Ra8 Nd5 38. Rg8 Ne3 39. Rc3 Rxc2+ 40. Rxc2 Nxc2 41. Kxc2 Rxc6+ 42. Kd3 Ra6 43. Rg6 Ra3+ 44. Kc4 Rh3 45. d5 exd5+ 46. Kxd5 Rxh2 47. Ke5 f4 48. Rg7+ Kd8 49. Ra7 f3 50. Rf7 g4 51. Ke4 h5 52. Ke3 Re2+ 53. Kd3 Re6 54. Rf5 h4 55. Rf4 h3 56. Rxg4 f2 57. Rd4+ Ke7 58. Rf4 Rf6 59. Re4+ Kf7 0-1


[Site "https://www.chess.com"]

[Event "Titled Tuesday Blitz January 03 Late 2023"]
[White "Rosen, Eric"]
[Black "Kamsky, Gata"]
[WhiteFideId "2032562"]
[BlackFideId "2000024"]
[WhiteElo "2349"]
[BlackElo "2665"]
[Result "1/2-1/2"]
[Round "04"]
[TimeControl "180+2"]
[Date "2023.01.03"]
[WhiteClock "0:00:37"]
[BlackClock "0:01:20"]

1. d4 Nf6 2. Bf4 d5 3. e3 e6 4. Nf3 Bd6 5. Ne5 O-O 6. Nd2 c5 7. c3 Qc7 8. Bd3 Nbd7 9. Ndf3 cxd4 10. cxd4 Nxe5 11. Bxe5 Qa5+ 12. Ke2 Bxe5 13. Nxe5 Nd7 14. Nxd7 Bxd7 15. Qd2 Qb6 16. Rac1 Rfc8 17. Rxc8+ Rxc8 18. Rc1 Rc7 19. Rc3 h6 20. Qc2 Rxc3 21. Qxc3 a5 22. b3 Kf8 23. f4 Ke7 24. Kd2 Kd8 25. Qc5 Qb4+ 26. Qxb4 axb4 27. Kc2 f6 28. Kb2 Ke7 29. a3 bxa3+ 30. Kxa3 Kd6 31. Kb4 b6 32. Bb5 Bc8 33. Be8 Ba6 34. Bb5 Bc8 35. Be8 Ba6 36. Bb5 Bc8 1/2-1/2


[Site "https://www.chess.com"]

[Event "Titled Tuesday Blitz January 03 Late 2023"]
[White "Svane, Frederik"]
[Black "Pinheiro, Iung Alicio de O."]
[WhiteFideId "12923044"]
[BlackFideId "2104350"]
[WhiteElo "2600"]
[BlackElo "2306"]
[Result "1-0"]
[Round "04"]
[TimeControl "180+2"]
[Date "2023.01.03"]
[WhiteClock "0:01:51"]
[BlackClock "0:00:03"]

1. a3 d5 2. d4 c6 3. Nf3 Nf6 4. e3 Bf5 5. Bd3 e6 6. c4 Nbd7 7. O-O Bd6 8. Nc3 Bg6 9. b4 O-O 10. Bb2 Ne4 11. b5 f5 12. Ne2 Bh5 13. Ne5 Bxe5 14. dxe5 Ndc5 15. f3 Nxd3 16. Qxd3 Nc5 17. Qc2 cxb5 18. cxd5 Qxd5 19. Nf4 Qc4 20. Qxc4 bxc4 21. Nxh5 Na4 22. Bd4 Rfc8 23. Rab1 b6 24. Rfc1 Rc6 25. Rb4 Nc5 26. Rbxc4 Rac8 27. Nf4 Kf7 28. Nd3 1-0


[Site "https://www.chess.com"]

[Event "Titled Tuesday Blitz January 03 Late 2023"]
[White "Ehlvest, Jaan"]
[Black "Oliveira, Silvio Eduardo"]
[WhiteFideId "4500016"]
[BlackFideId "2111560"]
[WhiteElo "2530"]
[BlackElo "2297"]
[Result "0-1"]
[Round "04"]
[TimeControl "180+2"]
[Date "2023.01.03"]
[WhiteClock "0:00:21"]
[BlackClock "0:01:45"]

1. e4 e5 2. Nf3 Nc6 3. Bb5 Nf6 4. Nc3 Bb4 5. O-O Bxc3 6. bxc3 d6 7. Re1 O-O 8. h3 Re8 9. Bf1 h6 10. c4 Be6 11. d3 Nd7 12. g3 Rf8 13. Bg2 Nc5 14. c3 f5 15. exf5 Bxf5 16. Re3 Qf6 17. d4 exd4 18. cxd4 Rae8 19. Rxe8 Rxe8 20. Be3 Ne4 21. g4 Nc3 22. Qe1 Be4 23. g5 Qf7 24. Qxc3 Bxf3 25. Bf1 Re4 26. Re1 Qf5 0-1


[Site "https://www.chess.com"]